 Dungeon Crawl Stone Soup version 0.31.0-12-g77e489cdc1 (webtiles) character file.

Game seed: 7518619692394683151

63 spaghetti the Trooper (level 3, -1/32 HPs)
             Began as a Demonspawn Chaos Knight on Mar 2, 2024.
             Was a Plaything of Xom.
             Slain by an orc
             ... wielding a +0 mace
              (6 damage)
             ... on level 4 of the Dungeon.
             The game lasted 00:04:07 (2286 turns).

spaghetti the Trooper (Demonspawn Chaos Knight)     Turns: 2286, Time: 00:04:08

Health: -1/32      AC:  6    Str: 11 (12) XL:     3   Next: 89%
Magic:  3/3        EV: 11    Int: 10 (12) God:    Xom [...*..]
Gold:   117        SH:  0    Dex: 11 (12) Spells: 2/2 levels left

rFire   . .          .
                       - Unarmed
rCold   . . .        (no shield)
rNeg    . . .        a - +2 leather armour
rPois   .            l - +0 helmet
rElec   .            (no cloak)
rCorr   .            (no gloves)
SInv    .            (no boots)
Will    .....        (no amulet)
Stlth   +            d - ring of wizardry
HPRegen 0.25/turn    (no ring)
MPRegen 0.08/turn

%: wizardry (x1)
@: lethally poisoned (-1 -> -7)
A: demonic magic 2, deterioration 1, weak 1
a: Renounce Religion


You were on level 4 of the Dungeon.
You worshipped Xom.
You were a favourite toy of Xom.
You visited 1 branch of the dungeon, and saw 5 of its levels.

You collected 117 gold pieces.

Inventory:

Armour
 a - a +2 leather armour (worn)
 b - a +0 pair of gloves
 l - a +0 helmet (worn)
Jewellery
 d - a ring of wizardry (left hand)
Scrolls
 c - 2 scrolls of teleportation
 h - a scroll of noise
 j - a scroll of immolation
 k - a scroll of revelation
Potions
 g - a potion of degeneration


   Skills:
 + Level 4.8 Fighting
 - Level 1.7 Armour
 - Level 0.8 Dodging
 - Level 2.6 Unarmed Combat


You had 2 spell levels left.
You didn't know any spells.
Your spell library contained the following spells:

 Spells                   Type           Power      Damage    Failure   Level
 Ensorcelled Hibernation  Hex/Ice        0%         N/A       28%         2
 Passwall                 Erth           0%         N/A       50%         3
 Swiftness                Air            0%         N/A       50%         3


Dungeon Overview and Level Annotations

Branches:
Dungeon (5/15)
 Temple: D:4-7

Altars:
Dithmenos
Ru

Annotations:
D:2 Sigmund


Innate Abilities, Weirdness & Mutations

Spells you cast may paralyse nearby enemies.
Your body sometimes deteriorates upon taking damage.
You are weak. (Str -2)


Message History

You completely miss the orc. The orc misses you.
The orc shouts!
You hit the orc.
The orc is lightly wounded.
You hear an angry hiss.
The orc misses you.
You hit the orc.
The orc is moderately wounded.
The orc hits you but does no damage.
You hit the orc.
The orc is severely wounded.
The orc closely misses you. The orc hits you but does no damage. x2
You closely miss the orc.
The orc is severely wounded.
The orc closely misses you. The orc hits you with a +0 mace.
The orc hits you with a +2 whip of venom.
You are poisoned.
You closely miss the orc.
The orc is severely wounded.
You feel sick. The orc hits you with a +0 club. The orc misses you.
The orc hits you with a +2 whip of venom.
You are more poisoned.
You are too injured to fight recklessly!
You are too injured to fight recklessly!
You are too injured to fight recklessly!
There are monsters nearby!
There are monsters nearby!
Unknown command.
You feel very sick. The orc attacks as it pursues you!
The orc closely misses you.
The orc priest mumbles some strange prayers to Beogh against you.
Beogh smites you!
* * * LOW HITPOINT WARNING * * *
* * * LOW HITPOINT WARNING * * *
You feel very sick.
* * * LOW HITPOINT WARNING * * *
You feel sick. The orc attacks as it pursues you! The orc barely misses you.
The orc hits you with a +0 mace.
You die...
Xom giggles madly!

.[.#............#
.......†.#.##.#.#
.........#.# ...
..##...).#.# #.#
..##.....#.# ##
.........#.#
#.##..ooo.## #
#..o..o## #.
##.###o@#
###.###S# ##..>#
#......<# ###.#
####....### .#
..........#.### #
##............
##.##.#.#.#.. ...
..? .. .?. ##.#.
.#


You could see an orc priest and 5 orcs.

Vanquished Creatures
  2 adders
  2 dart slugs
  6 endoplasms
  A giant cockroach (D:3)
  3 goblins
  4 hobgoblins
  4 kobolds
  A quokka (D:3)
  6 ball pythons
  3 bats
  A frilled lizard (D:1)
  2 rats (D:3)
35 creatures vanquished.

Vanquished Creatures (collateral kills)
  A dart slug (D:2)
  A bat (D:2)
2 creatures vanquished.

Vanquished Creatures (others)
  A frilled lizard (D:2)
1 creature vanquished.

Grand Total: 38 creatures vanquished

Notes
Turn   | Place    | Note
-------+----------+-------------------------------------------
     0 | D:1      | spaghetti the Demonspawn Chaos Knight began the quest for
                  | the Orb.
     0 | D:1      | Reached XP level 1. HP: 18/18 MP: 1/1
    66 | D:1      | XOM: silly message
    92 | D:1      | Gained mutation: Spells you cast may paralyse adjacent
                  | enemies. [demonic ancestry]
    92 | D:1      | Reached XP level 2. HP: 24/24 MP: 2/2
    97 | D:1      | Found a faded altar of an unknown god.
   199 | D:1      | XOM: potion effect (brilliance)
   286 | D:1      | XOM: cloud trail
   722 | D:1      | XOM: give mutations
   722 | D:1      | Gained mutation: You have a somewhat thin skeletal
                  | structure. (Dex +2, Stealth+) [Xom's mischief]
   722 | D:1      | Gained mutation: You are frail. (-10% HP) [Xom's mischief]
   722 | D:1      | Gained mutation: You are weak. (Str -2) [Xom's mischief]
   722 | D:1      | Lost mutation: You have a somewhat thin skeletal structure.
                  | (Dex +2, Stealth+) [Xom's mischief]
   726 | D:1      | Reached skill level 4 in Fighting
   765 | D:1      | XOM: give mutations
   765 | D:1      | Gained mutation: Your body sometimes deteriorates upon
                  | taking damage. [Xom's mischief]
   765 | D:1      | Lost mutation: You are frail. (-10% HP) [Xom's mischief]
   842 | D:2      | Gained mutation: Spells you cast may paralyse nearby
                  | enemies. [demonic ancestry]
   842 | D:2      | Reached XP level 3. HP: 22/30 MP: 3/3
   944 | D:2      | Noticed Sigmund
   946 | D:2      | XOM: cast spell 'Discord'
  1641 | D:3      | XOM: 7-stop teleportation journey
  1805 | D:3      | Found a shadowy altar of Dithmenos.
  1805 | D:3      | Found a sacrificial altar of Ru.
  1828 | D:3      | XOM: scenery: 1 fountains blood, 2 doors close
  2026 | D:5      | Entered Level 5 of the Dungeon
  2033 | D:4      | XOM: enchant monster (good)
  2286 | D:4      | Slain by an orc

Illustrated notes

Levels and vault maps discovered:
D:1:      minmay_arrival_jagged, layout_rooms, dreamdust_ecumenical_altar_grove,
          serial_forest, infiniplex_forest_clump_long,
          infiniplex_forest_fountain, infiniplex_forest_pool,
          infiniplex_forest_lined_room_, infiniplex_forest_end_2,
          infiniplex_forest_lined_room_, infiniplex_forest_end_3,
          infiniplex_forest_clump_large, infiniplex_forest_clump_medium
D:2:      layout_basic, hex_large, kennysheep_jessica_study, uniq_sigmund,
          uniq_jessica
D:3:      layout_basic, nicolae_elyvilon_peaceful_grove,
          gammafunk_temple_overflow_statue
D:4:      layout_basic, serial_curves, eino_curves_01, eino_curves_01,
          eino_curves_03
D:5:      layout_basic, kennysheep_mini_moat, jmf_multi_god_temple,
          temple_doors_cd, serial_shops, nicolae_shop_real_fake_doors,
          minivault_25, uniq_pikel, uniq_blork_the_orc, uniq_edmund

Skill      XL: |  1  2 |
---------------+-------+-----
Fighting       | 4 |  4.8
Armour         | |  1.7
Dodging        | |  0.8
Unarmed Combat | |  2.6

Action                     || total
---------------------------++-------
  Melee: Unarmed           ||   153
         Punch             ||     3
    Use: Scroll            ||     8
         Potion            ||     3
   Stab: Sleeping          ||     2
 Armour: Leather armour    ||    88
  Dodge: Dodged            ||    93
